 Dungeon Crawl Stone Soup version 0.30.0-20-g3615ddf2f0 (webtiles) character file.

Game seed: 8861640307820975823

28380 qw the Blocker (level 13, -12/80 HPs)
             Began as a Gargoyle Fighter on May 31, 2023.
             Was an Elder of Okawaru.
             Killed from afar by an oklob plant (24 damage)
             ... with a splash of acid
             ... on level 4 of the Lair of Beasts.
             The game lasted 00:06:56 (14038 turns).

qw the Blocker (Gargoyle Fighter)                  Turns: 14038, Time: 00:06:57

Health: -12/80     AC: 28    Str: 24    XL:     13   Next: 38%
Magic:  20/20      EV:  8    Int: 10    God:    Okawaru [****..]
Gold:   598        SH: 21    Dex:  9    Spells: 12/12 levels left

rFire   . . .        l - +0 broad axe (flame)
rCold   + . .        u - +2 tower shield {rC+}
rNeg    + . .        f - +0 plate armour
rPois   inf          h - +0 helmet
rElec   +            k - +0 cloak
rCorr   .            m - +2 pair of gloves
SInv    .            (no boots)
Will    .....        i - amulet of faith Stlth
                     g - +4 ring of protection
HPRegen 0.33/turn    (no ring)
MPRegen 0.17/turn

%: faith
@: about to teleport, heroic, corroded
A: sickness immunity, AC +9, negative energy resistance 1, electricity
resistance, torment resistance 1, petrification resistance
a: Renounce Religion, Heroism, Finesse


You were on level 4 of the Lair of Beasts.
You worshipped Okawaru.
Okawaru was greatly pleased with you.
You visited 2 branches of the dungeon, and saw 13 of its levels.

You collected 850 gold pieces.
You spent 252 gold pieces at shops.


Innate Abilities, Weirdness & Mutations

You are immune to sickness and miasma.
Your stone body is resilient. (AC +9)
You are immune to poison.
You resist negative energy. (rN+)
You are resistant to electric shocks. (rElec)
You are resistant to unholy torment.
You are immune to petrification.


   Skills:
 - Level 9.1(14.1) Fighting
 - Level 11.5(16.5) Axes
 - Level 3.0(8.0) Throwing
 - Level 8.1(13.1) Armour
 - Level 2.4(7.4) Dodging
 + Level 13.6(18.6) Shields
 - Level 10.0 Invocations


You had 12 spell levels left.
You didn't know any spells.
Your spell library was empty.

Inventory:

Hand Weapons
 l - a +0 broad axe of flaming (weapon)
Missiles
 o - 5 javelins (quivered)
 r - 11 boomerangs
Armour
 e - +0 acid dragon scales
 f - a +0 plate armour (worn)
 h - a +0 helmet (worn)
 k - a +0 cloak (worn)
 m - a +2 pair of gloves (worn)
 u - a +2 tower shield of cold resistance (worn)
Jewellery
 g - a +4 ring of protection (left hand)
 i - an amulet of faith (around neck)
 v - a ring of resist corrosion
Wands
 w - a wand of digging (5)
Scrolls
 c - 2 scrolls of identify
 j - 2 scrolls of teleportation
Potions
 a - 3 potions of mutation
 d - 2 potions of might
 n - 2 potions of haste
 p - a potion of lignification
 q - 2 potions of attraction
 s - 7 potions of heal wounds
 t - 3 potions of curing
 x - a potion of magic

Dungeon Overview and Level Annotations

Branches:
Dungeon (9/15)             Temple (0/1) D:6            Lair (4/5) D:9
  Swamp (0/4) Lair:2       Spider (0/4) Lair:2        Slime (0/5) Lair:4
    Orc (0/2) D:9

Altars:
Cheibriados
Dithmenos
Elyvilon
Fedhas
Nemelex Xobeh
Okawaru
Xom
Yredelemnul
Zin

Shops:
D:6 !   D:7 (

Annotations:
D:3 1 runed translucent door, qw's ghost, amateur GrFi
Lair:4 2 transporters


Message History

Enter note:
Enter note:
Enter note:
Enter note:
Enter note:
Enter note:
Enter note:
Enter note:
14032 ||| DRINKING potion of cancellation.
Your magical effects are unravelling.
You feel magically purged.
You are no longer corroded.
The oklob plant spits acid at you. The splash of acid misses you.
You hit the oklob plant but do no damage.
The oklob plant spits acid at you. The splash of acid hits you!
You slash the oklob plant! You burn the oklob plant.
The oklob plant is lightly damaged.
The oklob plant spits acid at you.
The splash of acid hits you but does no damage.
The oklob plant spits acid at you.
The splash of acid hits you but does no damage.
The acid corrodes you!
You slash the oklob plant! You burn the oklob plant.
The oklob plant is moderately damaged.
You slash the oklob plant! You burn the oklob plant.
The oklob plant is heavily damaged.
You hit the oklob plant but do no damage.
The oklob plant is heavily damaged.
The oklob plant spits acid at you. You block the splash of acid.
The oklob plant spits acid at you. The splash of acid hits you!!
The acid corrodes you!
14038 ||| READING 3 scrolls of teleportation.
As you read the scroll of teleportation, it crumbles to dust.
You feel strangely unstable. The oklob plant spits acid at you.
The splash of acid hits you!!
You die...

#............#
.............#
.............#
#..?........## ###
##...........####.####
#............# ......#
.##........#####.>PP.##
...........# #.P.P.#.#
#...#......### #@....#
#.....##.....####....#
###...#####...# ##...##
#...## #....## #....#
##P..####....###....#
##....###....###...#
#.##...###....##...#
####...####....#...#
##>....##........#


You could see 4 oklob plants.

Vanquished Creatures
  Snorg (Lair:4)
  Erolcha (D:9)
  2 hydras (Lair:4)
  A ghost crab (Lair:2)
  Nergalle (Lair:2)
  A skyshark (Lair:3)
  A spectral death yak (Lair:2)
  A spectral hydra (Lair:2)
  4 black mambas
  13 elephants
  A gargoyle (D:6)
  7 cane toads
  2 rime drakes
  7 komodo dragons
  2 polar bears
  A troll (D:9)
  Grinder (D:4)
  5 blink frogs (Lair:3)
  4 dream sheep (Lair:4)
  Sigmund (D:5)
  4 culicivoras (Lair:2)
  A culicivora (shapeshifter) (D:7)
  4 wyverns
  A human (shapeshifter) (D:9)
  6 yaks (Lair:4)
  A steam dragon (Lair:1)
  A basilisk (Lair:3)
  2 acid dragons (D:9)
  Duvessa (D:7)
  15 water moccasins
  A spectral cane toad (Lair:2)
  2 hell hounds (Lair:1)
  6 orc warriors
  2 black bears
  2 sky beasts (D:7)
  A spectral rime drake (Lair:2)
  6 wolves (Lair:2)
  A centaur (D:9)
  4 ogres
  2 phantoms
  9 bullfrogs
  3 kobold brigands (D:9)
  8 gnoll sergeants
  2 scorpions (D:6)
  13 wights
  Dowan (D:7)
  An electric eel (D:6)
  A howler monkey (D:5)
  4 jellies
  4 orc priests
  2 gnoll boudas
  3 hounds
  Ijyb (D:4)
  10 orc wizards
  4 iguanas (D:6)
  2 sleepcaps (D:6)
  23 gnolls
  12 adders
  A shadow imp (D:6)
  2 ufetubi
  3 worms
  2 dart slugs
  39 orcs
  7 ball pythons
  9 bats
  7 endoplasms
  A giant cockroach (D:2)
  2 goblins
  4 hobgoblins
  A jackal (D:3)
  8 kobolds
  3 quokkas
  4 frilled lizards
  6 rats
322 creatures vanquished.

Notes
Turn   | Place    | Note
-------+----------+-------------------------------------------
     0 | D:1      | qw the Gargoyle Fighter began the quest for the Orb.
     0 | D:1      | Reached XP level 1. HP: 14/14 MP: 1/1
     0 | D:1      | 0 ||| qw: Version: 0.2-a-102-gfc559e5
     0 | D:1      | 0 ||| qw: Game counter: 583
     0 | D:1      | 0 ||| qw: Always use a shield: true
     0 | D:1      | 0 ||| qw: God list: Okawaru
     0 | D:1      | 0 ||| qw: Allow faded altars: false
     0 | D:1      | 0 ||| qw: Do Orc after D:15 true
     0 | D:1      | 0 ||| qw: Do second Lair branch before Depths: true
     0 | D:1      | 0 ||| qw: Lair rune preference: random
     0 | D:1      | 0 ||| qw: Plans: Normal, Zot:1-4, Slime:5, God:TSO, Crypt,
                  | Tomb, Pan, Hells, Abyss, Win
     0 | D:1      | 0 ||| PLANNING D:1-11
    73 | D:1      | 73 ||| Stepping ~*~*~tactically~*~*~ (hiding).
   187 | D:1      | Reached XP level 2. HP: 16/19 MP: 2/2
   245 | D:1      | 245 ||| Stepping ~*~*~tactically~*~*~ (stealth).
   247 | D:1      | 247 ||| Stepping ~*~*~tactically~*~*~ (stealth).
   816 | D:1      | 816 ||| UPGRADING to +0 cloak.
   821 | D:1      | 821 ||| UPGRADING to amulet of faith.
   826 | D:1      | 826 ||| UPGRADING to +4 ring of protection.
   827 | D:1      | 827 ||| READING scroll labelled KICKYN RAQISE.
   828 | D:1      | 828 ||| READING 2 scrolls labelled LUTEAS TYATU.
   833 | D:1      | 833 ||| READING scroll labelled WOKKAI LOBULAE.
   927 | D:2      | Reached skill level 3 in Axes
  1005 | D:2      | Reached XP level 3. HP: 23/23 MP: 3/3
  1107 | D:2      | 1107 ||| FLEEEEING.
  1108 | D:2      | 1108 ||| FLEEEEING.
  1109 | D:2      | 1109 ||| FLEEEEING.
  1110 | D:2      | 1110 ||| FLEEEEING.
  1111 | D:2      | 1111 ||| FLEEEEING.
  1112 | D:2      | 1112 ||| FLEEEEING.
  1113 | D:2      | 1113 ||| FLEEEEING.
  1114 | D:2      | 1114 ||| STAIRDANCE
  1124 | D:1      | 1124 ||| UPGRADING to +0 helmet.
  1129 | D:1      | 1129 ||| UPGRADING to +0 pair of gloves.
  1152 | D:2      | 1152 ||| DROPPING +1 whip of venom.
  1451 | D:2      | 1451 ||| READING 2 scrolls labelled WONURAFEIP.
  1452 | D:2      | 1452 ||| DROPPING scroll of amnesia.
  1542 | D:3      | Reached XP level 4. HP: 24/28 MP: 4/4
  1724 | D:3      | Found a runed translucent door.
  1725 | D:3      | Noticed qw's ghost (amateur GrFi)
  1816 | D:3      | Found a sparkling altar of Nemelex Xobeh.
  1865 | D:3      | Reached XP level 5. HP: 29/32 MP: 5/5
  2155 | D:3      | 2155 ||| DROPPING scarf of shadows.
  2156 | D:3      | 2156 ||| UPGRADING to +0 chain mail.
  2166 | D:3      | 2166 ||| DROPPING +0 scale mail.
  2167 | D:3      | 2167 ||| READING scroll labelled YTEUDO JANLO.
  2188 | D:3      | 2188 ||| READING scroll labelled UGA VEXZIXT.
  2189 | D:3      | 2189 ||| READING 2 scrolls labelled QEBOBROKKU.
  2190 | D:3      | 2190 ||| READING scroll of enchant weapon.
  2190 | D:3      | 2190 ||| ENCHANTING +1 heavy war axe.
  2191 | D:3      | 2191 ||| DRINKING 2 glowing puce potions.
  2192 | D:3      | 2192 ||| DROPPING potion of flight.
  2405 | D:4      | Noticed Ijyb
  2411 | D:4      | Killed Ijyb
  2412 | D:4      | Reached XP level 6. HP: 30/38 MP: 6/6
  2414 | D:4      | 2414 ||| FLEEEEING.
  2415 | D:4      | 2415 ||| FLEEEEING.
  2416 | D:4      | 2416 ||| FLEEEEING.
  2417 | D:4      | 2417 ||| FLEEEEING.
  2418 | D:4      | 2418 ||| FLEEEEING.
  2419 | D:4      | 2419 ||| FLEEEEING.
  2420 | D:4      | 2420 ||| FLEEEEING.
  2426 | D:4      | 2426 ||| FLEEEEING.
  2427 | D:4      | 2427 ||| FLEEEEING.
  2541 | D:4      | 2541 ||| Stepping ~*~*~tactically~*~*~ (hiding).
  2546 | D:4      | 2546 ||| STAIRDANCE
  2549 | D:3      | HP: 7/38 [orc priest/nerve-wracking pain (6)]
  2550 | D:3      | 2550 ||| READING 3 scrolls of teleportation.
  2714 | D:3      | 2714 ||| DRINKING 3 fuming dark potions.
  2813 | D:4      | 2813 ||| Stepping ~*~*~tactically~*~*~ (stealth).
  2817 | D:4      | 2817 ||| Stepping ~*~*~tactically~*~*~ (stealth).
  2909 | D:4      | Found a white marble altar of Elyvilon.
  2912 | D:4      | Found an iron altar of Okawaru.
  2913 | D:4      | 2913 ||| PLANNING OKAWARU WORSHIP
  2913 | D:4      | 2913 ||| DROPPING orb of wrath.
  2916 | D:4      | Became a worshipper of Warmaster Okawaru
  2916 | D:4      | 2916 ||| PLANNING D:1-11
  3109 | D:5      | Entered Level 5 of the Dungeon
  3109 | D:5      | Noticed Sigmund
  3109 | D:5      | Noticed Grinder
  3113 | D:5      | Paralysed by Grinder for 3 turns
  3123 | D:5      | 3123 ||| STAIRDANCE
  3134 | D:4      | Killed Grinder
  3135 | D:4      | Reached skill level 6 in Axes
  3135 | D:4      | Reached XP level 7. HP: 35/43 MP: 7/7
  3163 | D:4      | 3163 ||| DRINKING 2 ruby potions.
  3171 | D:5      | Killed Sigmund
  3171 | D:5      | Reached * piety under Okawaru
  3265 | D:5      | 3265 ||| Stepping ~*~*~tactically~*~*~ (hiding).
  3344 | D:5      | 3344 ||| Stepping ~*~*~tactically~*~*~ (stealth).
  3378 | D:5      | 3378 ||| INVOKING Heroism.
  3473 | D:5      | Reached skill level 1 in Invocations
  3645 | D:5      | Reached XP level 8. HP: 48/48 MP: 9/9
  3758 | D:5      | 3758 ||| READING scroll of brand weapon.
  3758 | D:5      | 3758 ||| BRANDING +2 heavy war axe.
  3802 | D:5      | 3802 ||| READING scroll labelled OPSAERH RICLA.
  3813 | D:6      | Noticed a gargoyle
  3817 | D:6      | Killed a gargoyle
  3817 | D:6      | Reached ** piety under Okawaru
  3883 | D:6      | 3883 ||| INVOKING Heroism.
  3919 | D:6      | 3919 ||| Stepping ~*~*~tactically~*~*~ (stealth).
  3921 | D:6      | 3921 ||| Stepping ~*~*~tactically~*~*~ (stealth).
  3922 | D:6      | 3922 ||| Stepping ~*~*~tactically~*~*~ (stealth).
  3935 | D:6      | Found a snail-covered altar of Cheibriados.
  3967 | D:6      | Reached skill level 1 in Throwing
  3971 | D:6      | 3971 ||| READING scroll of enchant weapon.
  3971 | D:6      | 3971 ||| ENCHANTING +2 war axe of chaos.
  3982 | D:6      | 3982 ||| INVOKING Heroism.
  4000 | D:6      | 4000 ||| INVOKING Heroism.
  4149 | D:6      | Reached XP level 9. HP: 54/54 MP: 12/12
  4211 | D:6      | Found a staircase to the Ecumenical Temple.
  4246 | D:6      | 4246 ||| Stepping ~*~*~tactically~*~*~ (hiding).
  4247 | D:6      | 4247 ||| Stepping ~*~*~tactically~*~*~ (hiding).
  4269 | D:6      | 4269 ||| Stepping ~*~*~tactically~*~*~ (stealth).
  4271 | D:6      | 4271 ||| INVOKING Heroism.
  4279 | D:6      | Reached skill level 6 in Fighting
  4383 | D:6      | 4383 ||| INVOKING Heroism.
  4399 | D:6      | Found Zeboj's Distillery.
  4408 | D:6      | 4408 ||| BUYING potion of curing (42 gold).
  4408 | D:6      | Bought a potion of curing for 42 gold pieces
  4408 | D:6      | 4408 ||| BUYING potion of heal wounds (70 gold).
  4408 | D:6      | Bought a potion of heal wounds for 70 gold pieces
  4408 | D:6      | 4408 ||| BUYING potion of heal wounds (70 gold).
  4408 | D:6      | Bought a potion of heal wounds for 70 gold pieces
  4408 | D:6      | 4408 ||| BUYING potion of heal wounds (70 gold).
  4408 | D:6      | Bought a potion of heal wounds for 70 gold pieces
  4408 | D:6      | 4408 ||| SHOPLISTING potion of heal wounds (70 gold, have
                  | 39).
  4408 | D:6      | 4408 ||| SHOPLISTING potion of lignification (42 gold, have
                  | 39).
  4408 | D:6      | 4408 ||| SHOPLISTING potion of magic (112 gold, have 39).
  4440 | D:6      | 4440 ||| Stepping ~*~*~tactically~*~*~ (hiding).
  4443 | D:6      | 4443 ||| Stepping ~*~*~tactically~*~*~ (hiding).
  4594 | D:6      | 4594 ||| UPGRADING to +0 kite shield.
  4604 | D:6      | 4604 ||| DROPPING +0 buckler.
  4605 | D:6      | 4605 ||| READING scroll labelled OTOTEH RYUCVER.
  4606 | D:6      | 4606 ||| READING scroll labelled REUMUO MUMMAKA.
  4607 | D:6      | 4607 ||| DRINKING 2 lumpy cyan potions.
  4665 | D:7      | Found Paomeh's Weapon Boutique.
  4669 | D:7      | 4669 ||| SHOPLISTING +4 heavy war axe (396 gold, have 39).
  4769 | D:7      | Found a blossoming altar of Fedhas.
  4771 | D:7      | Noticed Duvessa
  4771 | D:7      | Noticed Dowan
  4772 | D:7      | 4772 ||| INVOKING Heroism.
  4778 | D:7      | Killed Duvessa
  4778 | D:7      | Killed Dowan
  4779 | D:7      | Reached skill level 4 in Shields
  4840 | D:7      | 4840 ||| Stepping ~*~*~tactically~*~*~ (stealth).
  4846 | D:7      | Reached *** piety under Okawaru
  4853 | D:7      | Reached skill level 5 in Shields
  4855 | D:7      | 4855 ||| FLEEEEING.
  4857 | D:7      | 4857 ||| FLEEEEING.
  4858 | D:7      | 4858 ||| FLEEEEING.
  4892 | D:7      | 4892 ||| Stepping ~*~*~tactically~*~*~ (stealth).
  4893 | D:7      | 4893 ||| Stepping ~*~*~tactically~*~*~ (stealth).
  4897 | D:7      | 4897 ||| Stepping ~*~*~tactically~*~*~ (stealth).
  4935 | D:7      | 4935 ||| INVOKING Heroism.
  4948 | D:7      | Reached skill level 6 in Shields
  5048 | D:7      | 5048 ||| Stepping ~*~*~tactically~*~*~ (stealth).
  5049 | D:7      | 5049 ||| Stepping ~*~*~tactically~*~*~ (stealth).
  5056 | D:7      | 5056 ||| Stepping ~*~*~tactically~*~*~ (stealth).
  5059 | D:7      | 5059 ||| INVOKING Heroism.
  5078 | D:7      | 5078 ||| DROPPING +0 flail.
  5105 | D:7      | 5105 ||| INVOKING Heroism.
  5201 | D:7      | Found a glowing silver altar of Zin.
  5248 | D:7      | a gnoll changed into a glowing shapeshifter
  5248 | D:7      | Noticed a glowing shapeshifter (glowing shapeshifter)
  5248 | D:7      | a glowing shapeshifter changed into an elephant
  5248 | D:7      | Noticed an elephant (glowing shapeshifter)
  5248 | D:7      | an elephant changed into a culicivora
  5250 | D:7      | a culicivora changed into a death drake
  5250 | D:7      | Noticed a death drake (glowing shapeshifter)
  5251 | D:7      | a death drake changed into a salamander
  5251 | D:7      | Noticed a salamander (glowing shapeshifter)
  5252 | D:7      | 5252 ||| INVOKING Heroism.
  5256 | D:7      | Reached skill level 7 in Shields
  5259 | D:7      | a salamander changed into a culicivora
  5268 | D:7      | HP: 10/55 [gnoll sergeant/+0 trident (8)]
  5269 | D:7      | 5269 ||| READING 5 scrolls of teleportation.
  5270 | D:7      | 5270 ||| DRINKING 7 potions of heal wounds.
  5481 | D:7      | 5481 ||| DROPPING +2 heavy flail.
  5593 | D:7      | Found a basalt altar of Yredelemnul.
  5595 | D:7      | Found a shadowy altar of Dithmenos.
  5734 | D:7      | 5734 ||| READING scroll labelled HEPITS TALLYITZ.
  5735 | D:7      | 5735 ||| READING 2 scrolls of identify.
  5735 | D:7      | 5735 ||| IDENTIFYING fuming pink potion
  5892 | D:8      | 5892 ||| INVOKING Heroism.
  5897 | D:8      | 5897 ||| DRINKING 3 potions of curing.
  5897 | D:8      | 5897 ||| (to cure confusion)
  5898 | D:8      | 5898 ||| DRINKING 2 potions of curing.
  5898 | D:8      | 5898 ||| (to cure confusion)
  5901 | D:8      | Reached skill level 8 in Shields
  5908 | D:8      | Reached XP level 10. HP: 59/60 MP: 13/13
  5942 | D:8      | 5942 ||| INVOKING Heroism.
  5944 | D:8      | Reached skill level 9 in Axes
  6145 | D:8      | 6145 ||| Stepping ~*~*~tactically~*~*~ (hiding).
  6157 | D:8      | 6157 ||| INVOKING Heroism.
  6182 | D:8      | 6182 ||| INVOKING Heroism.
  6304 | D:8      | 6304 ||| Stepping ~*~*~tactically~*~*~ (stealth).
  6306 | D:8      | 6306 ||| Stepping ~*~*~tactically~*~*~ (hiding).
  6307 | D:8      | 6307 ||| Stepping ~*~*~tactically~*~*~ (hiding).
  6418 | D:8      | 6418 ||| Stepping ~*~*~tactically~*~*~ (stealth).
  6424 | D:8      | 6424 ||| Stepping ~*~*~tactically~*~*~ (stealth).
  6426 | D:8      | 6426 ||| Stepping ~*~*~tactically~*~*~ (hiding).
  6427 | D:8      | 6427 ||| Stepping ~*~*~tactically~*~*~ (hiding).
  6428 | D:8      | 6428 ||| Stepping ~*~*~tactically~*~*~ (hiding).
  6430 | D:8      | 6430 ||| Stepping ~*~*~tactically~*~*~ (hiding).
  6640 | D:8      | 6640 ||| READING scroll labelled UDGHENW IMUITU.
  6641 | D:8      | 6641 ||| READING 3 scrolls of identify.
  6641 | D:8      | 6641 ||| IDENTIFYING pink potion
  6642 | D:8      | 6642 ||| READING 2 scrolls of identify.
  6642 | D:8      | 6642 ||| IDENTIFYING silvery potion
  6643 | D:8      | 6643 ||| DROPPING potion of degeneration.
  6702 | D:9      | 6702 ||| Stepping ~*~*~tactically~*~*~ (hiding).
  6711 | D:9      | 6711 ||| INVOKING Heroism.
  6897 | D:9      | 6897 ||| Stepping ~*~*~tactically~*~*~ (stealth).
  6899 | D:9      | 6899 ||| Stepping ~*~*~tactically~*~*~ (hiding).
  6916 | D:9      | Reached **** piety under Okawaru
  6974 | D:9      | 6974 ||| INVOKING Heroism.
  6982 | D:9      | Reached skill level 9 in Shields
  7013 | D:9      | Noticed Erolcha
  7023 | D:9      | 7023 ||| INVOKING Heroism.
  7026 | D:9      | Killed Erolcha
  7158 | D:9      | 7158 ||| Stepping ~*~*~tactically~*~*~ (hiding).
  7200 | D:9      | Found a staircase to the Lair.
  7210 | D:9      | 7210 ||| INVOKING Heroism.
  7353 | D:9      | 7353 ||| READING scroll of enchant armour.
  7353 | D:9      | 7353 ||| ENCHANTING +0 pair of gloves.
  7423 | D:9      | Found a shimmering altar of Xom.
  7608 | D:9      | Found a staircase to the Orcish Mines.
  7609 | D:9      | 7609 ||| INVOKING Heroism.
  7624 | D:9      | 7624 ||| INVOKING Heroism.
  7628 | D:9      | Reached skill level 6 in Invocations
  7633 | D:9      | HP: 14/63 [orc warrior/+0 glaive (12)]
  7634 | D:9      | 7634 ||| READING 4 scrolls of teleportation.
  7635 | D:9      | 7635 ||| DRINKING 8 potions of heal wounds.
  7872 | D:9      | 7872 ||| Stepping ~*~*~tactically~*~*~ (hiding).
  7882 | D:9      | Reached XP level 11. HP: 66/67 MP: 15/15
  7885 | D:9      | 7885 ||| INVOKING Heroism.
  7971 | D:9      | 7971 ||| FLEEEEING.
  7972 | D:9      | 7972 ||| FLEEEEING.
  7973 | D:9      | 7973 ||| FLEEEEING.
  7975 | D:9      | 7975 ||| STAIRDANCE
  8006 | D:8      | 8006 ||| UPGRADING to +2 kite shield.
  8016 | D:8      | 8016 ||| DROPPING +0 kite shield.
  8017 | D:8      | 8017 ||| READING scroll labelled SEYKHL BAMM.
  8018 | D:8      | 8018 ||| READING 3 scrolls of identify.
  8018 | D:8      | 8018 ||| IDENTIFYING white potion
  8019 | D:8      | 8019 ||| READING 2 scrolls of identify.
  8019 | D:8      | 8019 ||| IDENTIFYING purple potion
  8020 | D:8      | 8020 ||| DROPPING potion of berserk rage.
  8021 | D:8      | 8021 ||| DROPPING potion of brilliance.
  8058 | D:9      | 8058 ||| Stepping ~*~*~tactically~*~*~ (stealth).
  8064 | D:9      | 8064 ||| INVOKING Heroism.
  8147 | D:9      | 8147 ||| Stepping ~*~*~tactically~*~*~ (stealth).
  8149 | D:9      | 8149 ||| INVOKING Heroism.
  8155 | D:9      | 8155 ||| Stepping ~*~*~tactically~*~*~ (hiding).
  8165 | D:9      | Received a gift from Okawaru
  8175 | D:9      | 8175 ||| Stepping ~*~*~tactically~*~*~ (hiding).
  8182 | D:9      | 8182 ||| INVOKING Heroism.
  8186 | D:9      | 8186 ||| Stepping ~*~*~tactically~*~*~ (hiding).
  8192 | D:9      | 8192 ||| Stepping ~*~*~tactically~*~*~ (hiding).
  8256 | D:9      | 8256 ||| PLANNING LAIR
  8256 | D:9      | 8256 ||| UPGRADING to +0 plate armour.
  8266 | D:9      | 8266 ||| DROPPING +0 chain mail.
  8386 | Lair:1   | Entered Level 1 of the Lair of Beasts
  8606 | Lair:1   | 8606 ||| INVOKING Heroism.
  8615 | Lair:1   | Reached skill level 6 in Armour
  8687 | Lair:1   | 8687 ||| INVOKING Heroism.
  8694 | Lair:1   | 8694 ||| Stepping ~*~*~tactically~*~*~ (cloud).
  8820 | Lair:1   | 8820 ||| Stepping ~*~*~tactically~*~*~ (hiding).
  8828 | Lair:1   | 8828 ||| INVOKING Heroism.
  9123 | Lair:1   | Found a dark tunnel.
  9133 | Lair:1   | 9133 ||| INVOKING Heroism.
  9268 | Lair:1   | 9268 ||| READING scroll labelled QOVVAPS DEKLO.
  9269 | Lair:1   | 9269 ||| DRINKING 2 viscous golden potions.
  9270 | Lair:1   | 9270 ||| READING 2 scrolls of identify.
  9270 | Lair:1   | 9270 ||| IDENTIFYING dark potion
  9301 | Lair:2   | 9301 ||| STAIRDANCE
  9396 | Lair:2   | Noticed Nergalle
  9397 | Lair:2   | 9397 ||| INVOKING Heroism.
  9403 | Lair:2   | Killed Nergalle
  9484 | Lair:2   | 9484 ||| Stepping ~*~*~tactically~*~*~ (hiding).
  9532 | Lair:2   | 9532 ||| INVOKING Heroism.
  9545 | Lair:2   | HP: 12/68 [culicivora (11)]
  9546 | Lair:2   | 9546 ||| READING 4 scrolls of teleportation.
  9547 | Lair:2   | 9547 ||| DRINKING 7 potions of heal wounds.
  9704 | Lair:2   | 9704 ||| Stepping ~*~*~tactically~*~*~ (stealth).
  9709 | Lair:2   | Reached skill level 9 in Invocations
  9713 | Lair:2   | Reached ***** piety under Okawaru
  9906 | Lair:2   | Reached XP level 12. HP: 73/73 MP: 19/19
  9910 | Lair:2   | Reached skill level 3 in Throwing
 10001 | Lair:2   | Found a hole to the Spider Nest.
 10009 | Lair:2   | 10009 ||| INVOKING Heroism.
 10121 | Lair:2   | 10121 ||| READING scroll of brand weapon.
 10121 | Lair:2   | 10121 ||| BRANDING +3 war axe of chaos.
 10335 | Lair:2   | Identified the +7 falchion of the Uplifting Fox {flame,
                  | rCorr Str+6}
 10516 | Lair:2   | 10516 ||| Stepping ~*~*~tactically~*~*~ (stealth).
 10529 | Lair:2   | 10529 ||| Stepping ~*~*~tactically~*~*~ (stealth).
 10535 | Lair:2   | 10535 ||| Stepping ~*~*~tactically~*~*~ (stealth).
 10536 | Lair:2   | 10536 ||| Stepping ~*~*~tactically~*~*~ (stealth).
 10539 | Lair:2   | 10539 ||| INVOKING Heroism.
 10540 | Lair:2   | 10540 ||| SWAPPING to +2 flail of protection.
 10551 | Lair:2   | 10551 ||| SWAPPING to +3 war axe of venom.
 10552 | Lair:2   | Noticed a ghost crab
 10553 | Lair:2   | 10553 ||| Stepping ~*~*~tactically~*~*~ (stealth).
 10554 | Lair:2   | 10554 ||| Stepping ~*~*~tactically~*~*~ (stealth).
 10577 | Lair:2   | HP: 18/73 [ghost crab (6)]
 10578 | Lair:2   | 10578 ||| READING 3 scrolls of teleportation.
 10579 | Lair:2   | 10579 ||| DRINKING 7 potions of heal wounds.
 10753 | Lair:2   | Found a staircase to the Swamp.
 10755 | Lair:2   | 10755 ||| Stepping ~*~*~tactically~*~*~ (stealth).
 10757 | Lair:2   | 10757 ||| Stepping ~*~*~tactically~*~*~ (hiding).
 10768 | Lair:2   | 10768 ||| INVOKING Heroism.
 10771 | Lair:2   | 10771 ||| SWAPPING to +2 flail of protection.
 10782 | Lair:2   | 10782 ||| SWAPPING to +3 war axe of venom.
 10785 | Lair:2   | Killed a ghost crab
 10785 | Lair:2   | Received a gift from Okawaru
 10786 | Lair:2   | 10786 ||| Stepping ~*~*~tactically~*~*~ (cloud).
 11142 | Lair:3   | 11142 ||| INVOKING Heroism.
 11154 | Lair:3   | Received a gift from Okawaru
 11180 | Lair:3   | 11180 ||| SWAPPING to +0 broad axe of flaming.
 11181 | Lair:3   | 11181 ||| DROPPING +2 flail of protection.
 11182 | Lair:3   | 11182 ||| DROPPING +3 war axe of venom.
 11199 | Lair:3   | Noticed a skyshark
 11209 | Lair:3   | Killed a skyshark
 11217 | Lair:3   | 11217 ||| Stepping ~*~*~tactically~*~*~ (stealth).
 11218 | Lair:3   | 11218 ||| Stepping ~*~*~tactically~*~*~ (stealth).
 11219 | Lair:3   | 11219 ||| Stepping ~*~*~tactically~*~*~ (stealth).
 11221 | Lair:3   | 11221 ||| Stepping ~*~*~tactically~*~*~ (stealth).
 11222 | Lair:3   | 11222 ||| Stepping ~*~*~tactically~*~*~ (stealth).
 11236 | Lair:3   | 11236 ||| INVOKING Heroism.
 11254 | Lair:3   | Reached skill level 10 in Shields
 11256 | Lair:3   | 11256 ||| READING scroll of enchant armour.
 11256 | Lair:3   | 11256 ||| ENCHANTING +1 pair of gloves.
 11317 | Lair:3   | 11317 ||| INVOKING Heroism.
 11374 | Lair:3   | 11374 ||| INVOKING Heroism.
 11596 | Lair:3   | 11596 ||| Stepping ~*~*~tactically~*~*~ (stealth).
 11597 | Lair:3   | 11597 ||| INVOKING Heroism.
 11599 | Lair:3   | 11599 ||| Stepping ~*~*~tactically~*~*~ (hiding).
 11621 | Lair:3   | Reached skill level 9 in Fighting
 11876 | Lair:3   | 11876 ||| INVOKING Heroism.
 12060 | Lair:3   | 12060 ||| UPGRADING to +2 tower shield of cold resistance.
 12070 | Lair:3   | 12070 ||| DROPPING +2 kite shield.
 12071 | Lair:3   | 12071 ||| DROPPING ring of wizardry.
 12072 | Lair:3   | 12072 ||| READING 3 scrolls of identify.
 12072 | Lair:3   | 12072 ||| IDENTIFYING coppery potion
 12100 | Lair:4   | 12100 ||| STAIRDANCE
 12105 | Lair:3   | 12105 ||| INVOKING Heroism.
 12238 | Lair:4   | 12238 ||| STAIRDANCE
 12239 | Lair:4   | 12239 ||| INVOKING Heroism.
 12243 | Lair:4   | Reached skill level 11 in Shields
 12411 | Lair:4   | Reached XP level 13. HP: 80/80 MP: 20/20
 12428 | Lair:4   | 12428 ||| INVOKING Heroism.
 12429 | Lair:4   | 12429 ||| Stepping ~*~*~tactically~*~*~ (stealth).
 12431 | Lair:4   | 12431 ||| Stepping ~*~*~tactically~*~*~ (stealth).
 12440 | Lair:4   | Received a gift from Okawaru
 12532 | Lair:4   | 12532 ||| FLEEEEING.
 12690 | Lair:4   | Reached skill level 12 in Shields
 12699 | Lair:4   | 12699 ||| INVOKING Heroism.
 12937 | Lair:4   | 12937 ||| Stepping ~*~*~tactically~*~*~ (stealth).
 12939 | Lair:4   | 12939 ||| Stepping ~*~*~tactically~*~*~ (stealth).
 13065 | Lair:4   | Reached skill level 13 in Shields
 13167 | Lair:4   | 13167 ||| INVOKING Heroism.
 13180 | Lair:4   | Found a transporter.
 13184 | Lair:4   | Found a transporter.
 13218 | Lair:4   | 13218 ||| INVOKING Heroism.
 13430 | Lair:4   | Noticed Snorg
 13431 | Lair:4   | 13431 ||| INVOKING Heroism.
 13432 | Lair:4   | 13432 ||| INVOKING Finesse.
 13441 | Lair:4   | Killed Snorg
 13787 | Lair:4   | 13787 ||| INVOKING Heroism.
 13788 | Lair:4   | 13788 ||| INVOKING Finesse.
 13789 | Lair:4   | Found a staircase to the Slime Pits.
 13790 | Lair:4   | 13790 ||| FLEEEEING.
 13791 | Lair:4   | 13791 ||| FLEEEEING.
 13838 | Lair:4   | 13838 ||| INVOKING Heroism.
 13839 | Lair:4   | 13839 ||| INVOKING Finesse.
 13840 | Lair:4   | 13840 ||| FLEEEEING.
 13894 | Lair:4   | 13894 ||| FLEEEEING.
 13895 | Lair:4   | 13895 ||| FLEEEEING.
 14025 | Lair:4   | 14025 ||| INVOKING Heroism.
 14032 | Lair:4   | 14032 ||| DRINKING potion of cancellation.
 14037 | Lair:4   | HP: 12/80 [oklob plant/splash of acid (20)]
 14038 | Lair:4   | 14038 ||| READING 3 scrolls of teleportation.
 14038 | Lair:4   | Killed from afar by an oklob plant

Levels and vault maps discovered:
D:1:      ncdulo_watergridlock, layout_basic, minmay_domino_2
D:2:      layout_rooms, minivault_24, minmay_fractal_squares_gapless_5
D:3:      minmay_octagon_keep, layout_basic,
          mainiacjoe_overflow_concentric_impassable, ebering_ghost_inner_flame,
          st_stairs_9, minmay_cupped
D:4:      layout_loops_ring, minitemple, grunt_ministairs_15, uniq_ijyb
D:5:      layout_gridville, minmay_holes, uniq_sigmund, uniq_grinder
D:6:      layout_cave_pools, marbit_many_paths,
          minmay_temple_entry_drinking_statues, serial_demonic,
          serial_demonic_f, serial_demonic_f, serial_demonic_b,
          serial_demonic_b, serial_shops, nicolae_shop_industrial_runoff,
          st_stairs_13
D:7:      layout_basic, nicolae_overflow_crystal_walls,
          mainiacjoe_overflow_boulevard,
          chequers_temple_overflow_statue_of_worship, serial_shops, shop,
          nicolae_wand_duel, uniq_duvessa
D:8:      layout_cave_pools, corexii_hall_statues_s
D:9:      layout_loops_ring, xom_teletrap_fun, erik_lair_dragon,
          kennysheep_orc_monster_closet_entryway, uniq_erolcha
Lair:1:   layout_regular_city, enter_volcano_3, nicolae_lair_lil_pond,
          grunt_megastairs_4
Lair:2:   layout_cellular_growth, nicolae_swamp_entry_spooky,
          hellmonk_spider_entry_life_and_decay, cheibrodos_lair_reptile_den,
          serial_bayou_shore_b, serial_bayou_shore_b, uniq_nergalle
Lair:3:   layout_loops_ring, minmay_shattered_shrine
Lair:4:   gammafunk_boulding_lane, layout_cave_pods,
          minmay_slime_entry_oklob_enclosed, uniq_snorg

Skill      XL: |  1  2  3  4  5  6  7  8  9 10 11 12 13 |
---------------+----------------------------------------+-----
Axes           | 2 3 4 5 6 7 8 9 10 11 | 11.5
Fighting       | 4 5 6 7 8 9 |  9.1
Dodging        | 2 |  2.4
Invocations    | 2 4 6 9 10 | 10.0
Armour         | 4 5 7 8 |  8.1
Throwing       | 2 3 |  3.0
Shields        | 8 9 11 13 | 13.6

Action                     |  1- 3 |  4- 6 |  7- 9 | 10-12 | 13-15 || total
---------------------------+-------+-------+-------+-------+-------++-------
  Melee: War axe           |    78 |   132 |   197 |   477 |       ||   884
         Broad axe         |       |       |       |   116 |   101 ||   217
         Flail             |       |       |       |    20 |       ||    20
  Throw: Boomerang         |       |       |    32 |     6 |       ||    38
         Javelin           |       |       |    20 |    54 |    24 ||    98
 Invoke: Heroism           |       |       |    12 |    30 |     8 ||    50
         Finesse           |       |       |       |       |     3 ||     3
    Use: Scroll            |     4 |     5 |     8 |    15 |     1 ||    33
         Potion            |       |     2 |     5 |     4 |     1 ||    12
   Stab: Paralysed         |       |       |     1 |       |       ||     1
         Petrifying        |       |       |       |     1 |       ||     1
         Petrified         |       |       |       |     1 |       ||     1
 Armour: Scale mail        |    54 |    71 |       |       |       ||   125
         Chain mail        |       |    37 |   121 |    91 |       ||   249
         Plate armour      |       |       |       |   318 |    80 ||   398
  Dodge: Dodged            |    59 |    73 |    76 |   180 |    21 ||   409
  Block: Buckler           |    13 |    30 |    32 |       |       ||    75
         Kite shield       |       |       |    57 |   394 |       ||   451
         Tower shield      |       |       |       |    60 |   101 ||   161

Table legend:
 A = Non-vault XP
 B = Vault XP
 C = Vault XP percentage of total XP
 D = Non-vault monster count
 E = Vault monster count
 F = Vault count percentage of total count
                 A         B        C        D         E       F
            +---------+---------+-------+---------+---------+-------
      Total |   24538 |   16006 |  39.5 |     228 |      94 |  29.2
            +---------+---------+-------+---------+---------+-------
        D:1 |      20 |       3 |  13.0 |       9 |       2 |  18.2
        D:2 |      42 |       7 |  14.3 |      11 |       4 |  26.7
        D:3 |     116 |      39 |  25.2 |      14 |      18 |  56.2
        D:4 |     111 |     322 |  74.4 |      12 |       4 |  25.0
        D:5 |     394 |     239 |  37.8 |      16 |       1 |   5.9
        D:6 |    1013 |     549 |  35.1 |      29 |       5 |  14.7
        D:7 |    1329 |     230 |  14.8 |      26 |       2 |   7.1
        D:8 |    1530 |       0 |   0.0 |      30 |       0 |   0.0
        D:9 |     774 |    3993 |  83.8 |      16 |      25 |  61.0
     Lair:1 |    1758 |    1122 |  39.0 |       6 |       6 |  50.0
     Lair:2 |    3587 |    4556 |  55.9 |      18 |      15 |  45.5
     Lair:3 |    4726 |    4040 |  46.1 |      15 |      11 |  42.3
     Lair:4 |    9138 |     906 |   9.0 |      26 |       1 |   3.7
            +---------+---------+-------+---------+---------+-------
